 Dungeon Crawl Stone Soup version 0.31-a0-267-g3fc6992b3b (webtiles) character file.

Game seed: 8690060497530349666

148 qw the Shooter (level 5, -3/44 HPs)
             Began as a Minotaur Hexslinger on July 14, 2023.
             Was an Initiate of Okawaru.
             Slain by Blork the orc
             ... wielding a +4 hand axe of venom
              (7 damage)
             ... on level 4 of the Dungeon.
             The game lasted 00:01:01 (2250 turns).

qw the Shooter (Minotaur Hexslinger)                Turns: 2250, Time: 00:01:02

Health: -3/44      AC:  6    Str: 13    XL:     5   Next: 8%
Magic:  5/5        EV: 11    Int: 10    God:    Okawaru [......]
Gold:   179        SH:  0    Dex: 14    Spells: 5/6 levels left

rFire   . . .        Y - +1 sling
rCold   . . .        (no shield)
rNeg    + . .        e - +0 ring mail
rPois   .            (helmet restricted)
rElec   .            (no cloak)
rCorr   .            (no gloves)
SInv    .            c - +0 pair of boots
Will    +....        (no amulet)
Stlth   +            j - ring of willpower
HPRegen 0.27/turn    i - ring of positive energy
MPRegen 0.09/turn

%: no passive effects
@: lethally poisoned (-3 -> -9)
A: horns 2, retaliatory headbutt
a: Renounce Religion


You were on level 4 of the Dungeon.
You worshipped Okawaru.
Okawaru was noncommittal.
You visited 1 branch of the dungeon, and saw 4 of its levels.

You collected 179 gold pieces.


Innate Abilities, Weirdness & Mutations

You have a pair of horns on your head.
You reflexively headbutt those who attack you in melee.


   Skills:
 + Level 2.9 Fighting
 - Level 5.0 Ranged Weapons
 - Level 1.2 Armour
 - Level 2.1 Dodging
 - Level 1.0 Spellcasting
 - Level 2.0 Hexes


You had 5 spell levels left.
You knew the following spells:

 Your Spells              Type           Power      Damage    Failure   Level
a - Slow                  Hex            16%        N/A       32%         1

Your spell library contained the following spells:

 Spells                   Type           Power      Damage    Failure   Level
 Inner Flame              Hex/Fire       2%         N/A       82%         3
 Portal Projectile        Hex/Tloc       4%         N/A       82%         3
 Cause Fear               Hex            2%         N/A       97%         4

Inventory:

Hand Weapons
 Y - a +1 sling (weapon)
Armour
 c - a +0 pair of boots (worn)
 e - a +0 ring mail (worn)
Jewellery
 a - a ring of fire
 i - a ring of positive energy (right hand)
 j - a ring of willpower (left hand)
Scrolls
 m - a scroll of noise {unknown}
Potions
 b - a potion of curing {unknown}
 d - a potion of enlightenment {unknown}
 f - 2 potions of haste
 g - a potion of lignification {unknown}
 h - a potion of might {unknown}
 k - a potion of berserk rage {unknown}
 l - 2 potions of heal wounds {unknown}

Dungeon Overview and Level Annotations

Branches:
Dungeon (4/15)
 Temple: D:4-7

Altars:
Hepliaklqana
Okawaru

Annotations:
D:4 Blork the orc


Message History

Blork the orc is moderately wounded.
Blork the orc hits you with a +4 hand axe of venom!
You shoot a sling bullet. The sling bullet hits Blork the orc.
Blork the orc is heavily wounded.
Blork the orc hits you with a +4 hand axe of venom.
You are poisoned.
You shoot a sling bullet. The sling bullet hits Blork the orc!
Blork the orc is severely wounded.
You feel very sick. Blork the orc barely misses you. x2
You shoot a sling bullet. The sling bullet hits Blork the orc.
Blork the orc is almost dead.
You feel sick.
Blork the orc casts a spell.
Blork the orc seems to speed up.
You shoot a sling bullet.
The sling bullet completely misses Blork the orc.
You feel sick.
Blork the orc hits you with a +4 hand axe of venom.
Blork the orc casts a cantrip, but nothing happens.
You shoot a sling bullet.
The sling bullet barely misses Blork the orc.
You feel sick. Blork the orc misses you. Blork the orc barely misses you.
You shoot a sling bullet. The sling bullet hits Blork the orc.
Blork the orc is almost dead.
You feel sick.
Blork the orc hits you with a +4 hand axe of venom. x2
You are more poisoned.
You shoot a sling bullet.
The sling bullet barely misses Blork the orc.
You feel very sick. Blork the orc casts a spell at you.
The puff of frost hits you but does no damage.
Blork the orc points at you and mumbles some strange words.
The puff of flame hits you!
You shoot a sling bullet. The sling bullet hits Blork the orc.
Blork the orc is almost dead.
You feel very sick.
Blork the orc hits you with a +4 hand axe of venom!
You die...

##.#.....#.#.#.....
######..#.....#.........
........#######...###...
#######.....(.....# ###.
####.##.....# ##.
#........# #..
#######.....####..
#.................
#@##############..
#......o...... ###
#.####.#..)... #.+.....$
### ..... ..... ####


You could see Blork the orc (fast).

Vanquished Creatures
  Jessica (D:3)
  Robin (D:3)
  5 adders
  A worm (D:2)
  5 ball pythons
  6 endoplasms
  3 giant cockroaches (D:2)
  10 goblins
  10 hobgoblins
  3 kobolds
  2 quokkas
  7 bats
  A frilled lizard (D:2)
  9 rats
64 creatures vanquished.

Notes
Turn   | Place    | Note
-------+----------+-------------------------------------------
     0 | D:1      | qw the Minotaur Hexslinger began the quest for the Orb.
     0 | D:1      | Reached XP level 1. HP: 16/16 MP: 1/1
     0 | D:1      | 0 ||| qw: Version: 0.3-a-52-g30416fa
     0 | D:1      | 0 ||| qw: Game counter: 7813
     0 | D:1      | 0 ||| qw: Melee chars always use a shield: true
     0 | D:1      | 0 ||| qw: God list: Okawaru
     0 | D:1      | 0 ||| qw: Allow faded altars: false
     0 | D:1      | 0 ||| qw: Do Orc after clearing Dungeon:15 true
     0 | D:1      | 0 ||| qw: Do second Lair branch before Depths: true
     0 | D:1      | 0 ||| qw: Lair rune preference: random
     0 | D:1      | 0 ||| qw: Goals: Normal
     0 | D:1      | 0 ||| PLANNING D:1-11
   396 | D:1      | Reached skill level 3 in Ranged Weapons
   425 | D:1      | Reached XP level 2. HP: 23/23 MP: 2/2
   637 | D:1      | 637 ||| UPGRADING to +0 ring mail.
   647 | D:1      | 647 ||| DROPPING +0 robe.
   648 | D:1      | 648 ||| UPGRADING to ring of willpower.
   649 | D:1      | 649 ||| READING scroll labelled JIRCHEEWEDO.
   650 | D:1      | 650 ||| READING scroll labelled LYETZE FUUTU.
   654 | D:1      | 654 ||| DRINKING 2 bubbling dark potions.
   655 | D:1      | 655 ||| DROPPING scroll of poison.
   656 | D:1      | 656 ||| DROPPING potion of brilliance.
   813 | D:2      | Reached XP level 3. HP: 29/29 MP: 3/3
   975 | D:2      | Reached skill level 4 in Ranged Weapons
  1012 | D:2      | Reached skill level 1 in Armour
  1167 | D:2      | 1167 ||| READING scroll labelled ALILUPL LEDDE.
  1168 | D:2      | 1168 ||| DRINKING 2 metallic cyan potions.
  1380 | D:3      | Noticed Jessica
  1384 | D:3      | Killed Jessica
  1385 | D:3      | Reached XP level 4. HP: 36/36 MP: 4/4
  1409 | D:3      | Found a hazy altar of Hepliaklqana.
  1520 | D:3      | Reached skill level 5 in Ranged Weapons
  1553 | D:3      | Noticed Robin
  1573 | D:3      | Killed Robin
  1574 | D:3      | Reached XP level 5. HP: 17/42 MP: 5/5
  1574 | D:3      | 1574 ||| FLEEEEING.
  1575 | D:3      | 1575 ||| FLEEEEING.
  1576 | D:3      | 1576 ||| FLEEEEING.
  1577 | D:3      | 1577 ||| FLEEEEING.
  1578 | D:3      | 1578 ||| FLEEEEING.
  1579 | D:3      | 1579 ||| FLEEEEING.
  1580 | D:3      | 1580 ||| FLEEEEING.
  1581 | D:3      | 1581 ||| FLEEEEING.
  1582 | D:3      | 1582 ||| FLEEEEING.
  1583 | D:3      | 1583 ||| FLEEEEING.
  1584 | D:3      | 1584 ||| FLEEEEING.
  1585 | D:3      | 1585 ||| FLEEEEING.
  1586 | D:3      | 1586 ||| FLEEEEING.
  1587 | D:3      | 1587 ||| FLEEEEING.
  1588 | D:3      | 1588 ||| FLEEEEING.
  1589 | D:3      | 1589 ||| FLEEEEING.
  1590 | D:3      | 1590 ||| FLEEEEING.
  1591 | D:3      | 1591 ||| FLEEEEING.
  1592 | D:3      | 1592 ||| FLEEEEING.
  1593 | D:3      | 1593 ||| FLEEEEING.
  1594 | D:3      | 1594 ||| FLEEEEING.
  1595 | D:3      | 1595 ||| FLEEEEING.
  1596 | D:3      | 1596 ||| FLEEEEING.
  1597 | D:3      | 1597 ||| FLEEEEING.
  1598 | D:3      | 1598 ||| FLEEEEING.
  1599 | D:3      | 1599 ||| FLEEEEING.
  1600 | D:3      | 1600 ||| FLEEEEING.
  1602 | D:3      | 1602 ||| FLEEEEING.
  1603 | D:3      | 1603 ||| FLEEEEING.
  1604 | D:3      | 1604 ||| FLEEEEING.
  1605 | D:3      | 1605 ||| FLEEEEING.
  1606 | D:3      | 1606 ||| FLEEEEING.
  1607 | D:3      | 1607 ||| FLEEEEING.
  1608 | D:3      | 1608 ||| FLEEEEING.
  1609 | D:3      | 1609 ||| STAIRDANCE
  1664 | D:2      | 1664 ||| UPGRADING to +0 pair of boots.
  1924 | D:3      | 1924 ||| READING scroll labelled MYIJO UHEI.
  2122 | D:4      | Found an iron altar of Okawaru.
  2123 | D:4      | 2123 ||| PLANNING OKAWARU WORSHIP
  2123 | D:4      | 2123 ||| UPGRADING to ring of positive energy.
  2135 | D:4      | Became a worshipper of Warmaster Okawaru
  2136 | D:4      | 2136 ||| PLANNING D:1-11
  2238 | D:4      | Noticed Blork the orc
  2249 | D:4      | HP: 6/44 [Blork the orc/puff of flame (7)]
  2250 | D:4      | Slain by Blork the orc

Levels and vault maps discovered:
D:1:      minmay_arrival_split_and_join, layout_loops_ring
D:2:      layout_basic
D:3:      layout_loops_cross, nicolae_hepliaklqana_hazy_memory, uniq_jessica,
          uniq_robin
D:4:      layout_basic, grunt_gozag_breadcrumbs, amcnicky_altar_gilded,
          minmay_temple_entry_fiery, uniq_blork_the_orc

Skill      XL: |  1  2  3  4 |
---------------+-------------+-----
Ranged Weapons | 3 4 5 |  5.0
Fighting       | 2 |  2.9
Armour         | 1 |  1.2
Dodging        | |  2.1
Spellcasting   | |  1.0
Hexes          | |  2.0

Action                     |  1- 3 |  4- 6 || total
---------------------------+-------+-------++-------
   Fire: Sling             |   131 |    74 ||   205
    Use: Scroll            |     3 |     1 ||     4
         Potion            |     2 |       ||     2
 Armour: Ring mail         |    11 |    17 ||    28
         Robe              |     4 |       ||     4
  Dodge: Dodged            |    36 |    29 ||    65

Table legend:
 A = Non-vault XP
 B = Vault XP
 C = Vault XP percentage of total XP
 D = Non-vault monster count
 E = Vault monster count
 F = Vault count percentage of total count
                 A         B        C        D         E       F
            +---------+---------+-------+---------+---------+-------
      Total |     141 |      71 |  33.5 |      52 |      12 |  18.8
            +---------+---------+-------+---------+---------+-------
        D:1 |      25 |       0 |   0.0 |      16 |       0 |   0.0
        D:2 |      59 |       0 |   0.0 |      20 |       0 |   0.0
        D:3 |      49 |      71 |  59.2 |      11 |      12 |  52.2
        D:4 |       8 |       0 |   0.0 |       5 |       0 |   0.0
            +---------+---------+-------+---------+---------+-------
